3L
D.C. DIVIDED @ ATHLETIC CLUB KC
09/03/2039
 
TOP OF THE 1ST
D.C. Divided batting - Pitching for Athletic Club KC : LHP Roman Phansalker
Pitching: LHP Roman Phansalker
Batting: LHB Dallas Ihde 0-0: Ball
1-0: Ball
2-0: Swinging Strike
2-1: Called Strike
2-2: Ground out U3 (Groundball, 34, EV 88.1 MPH)
Batting: LHB Bill Butler 0-0: Ground out 6-3 (Groundball, 6MS, EV 86.2 MPH)
Batting: RHB Martín Chávez 0-0: Called Strike
0-1: Ball
1-1: Ball
2-1: Fly out, F9 (Flyball, 9LM, EV 95.6 MPH)
Top of the 1st over - 0 runs, 0 hits, 0 errors, 0 left on base; D.C. 0 - Athletic Club KC 0
BOTTOM OF THE 1ST
Athletic Club KC batting - Pitching for D.C. Divided : RHP Eric Colquhoun
Pitching: RHP Eric Colquhoun
Batting: LHB César Núñez 0-0: Called Strike
0-1: Ball
1-1: Foul Ball, location: 2F
1-2: Ball
2-2: Ball
3-2: Foul Ball, location: 2F
3-2: Ground out 6-3 (Groundball, 6, EV 103.8 MPH)
Batting: RHB Ali Ben Bongo 0-0: Ball
1-0: Foul Ball, location: 2F
1-1: Foul Ball, location: 2F
1-2: Ball
2-2: Ground out 5-3 (Groundball, 56S, EV 88.1 MPH)
Batting: SHB Shiki Sanu 0-0: Called Strike
0-1: Foul Ball, location: 2F
0-2: Ball
1-2: Ball
2-2: Ball
3-2: Ground out 1-3 (Groundball, 34S, EV 90.6 MPH)
Bottom of the 1st over - 0 runs, 0 hits, 0 errors, 0 left on base; D.C. 0 - Athletic Club KC 0
TOP OF THE 2ND
D.C. Divided batting - Pitching for Athletic Club KC : LHP Roman Phansalker
Batting: RHB Kimi Okubo 0-0: Ball
1-0: SINGLE (Flyball, 89S, EV 97.5 MPH)
Batting: LHB Craig Morgan 0-0: Ball
1-0: Foul Ball, location: 2F
1-1: Ball
2-1: Fly out, F9 (Flyball, 9, EV 97.5 MPH)
Batting: RHB Mario Castillo 0-0: Ball
1-0: Foul Ball, location: 2F
1-1: Called Strike
1-2: Strikes out swinging
Kimi Okubo steals 2nd base
Batter strikes out.
Batting: LHB Alex Avery 0-0: Foul Ball, location: 2F
0-1: Foul Ball, location: 2F
0-2: Strikes out looking
Top of the 2nd over - 0 runs, 1 hit, 0 errors, 1 left on base; D.C. 0 - Athletic Club KC 0
BOTTOM OF THE 2ND
Athletic Club KC batting - Pitching for D.C. Divided : RHP Eric Colquhoun
Batting: LHB Héctor Velázquez 0-0: Ball
1-0: Foul Ball, location: 2F
1-1: Ball
2-1: Ball
3-1: Swinging Strike
3-2: Base on Balls
Batting: LHB José Rodríguez 0-0: Foul Ball, location: 2F
0-1: Called Strike
0-2: Ball
1-2: Ball
2-2: Grounds into double play, 6-4-3 (Groundball, 6, EV 103.8 MPH)
Batting: LHB Pablo Hernández 0-0: Called Strike
0-1: Ball
1-1: Fly out, F7 (Flyball, 7LS, EV 81.2 MPH)
Bottom of the 2nd over - 0 runs, 0 hits, 0 errors, 0 left on base; D.C. 0 - Athletic Club KC 0
TOP OF THE 3RD
D.C. Divided batting - Pitching for Athletic Club KC : LHP Roman Phansalker
Batting: LHB Stanley Zijm 0-0: SINGLE (Line Drive, 34, EV 109.4 MPH)
Batting: RHB Nick Boyd 0-0: Ball
1-0: Ball
2-0: Ball
3-0: Called Strike
3-1: Called Strike
3-2: Base on Balls
Stanley Zijm to second
Batting: LHB Dallas Ihde 0-0: Fly out, F7 (Flyball, 78S, EV 88.8 MPH)
Batting: LHB Bill Butler 0-0: Foul Ball, location: 2F
0-1: Ball
1-1: Ball
2-1: Foul Ball, location: 2F
2-2: Ball
3-2: Fly out, F7 (Flyball, 78M, EV 86.9 MPH)
Batting: RHB Martín Chávez 0-0: Ball
1-0: Called Strike
1-1: Foul Ball, location: 2F
1-2: Foul Ball, location: 2F
1-2: Ball
2-2: Foul Ball, location: 2F
2-2: Fly out, F9 (Flyball, 9D, EV 105.6 MPH)
Top of the 3rd over - 0 runs, 1 hit, 0 errors, 2 left on base; D.C. 0 - Athletic Club KC 0
BOTTOM OF THE 3RD
Athletic Club KC batting - Pitching for D.C. Divided : RHP Eric Colquhoun
Batting: RHB Tasuku Goto 0-0: Swinging Strike
0-1: Fly out, F3 (Popup, 34, EV 67.5 MPH)
Batting: RHB Wade Tazewell 0-0: Foul Ball, location: 2F
0-1: Ball
1-1: Ground out 3-1 (Groundball, 34, EV 77.5 MPH)
Batting: RHB Armando Altagracia 0-0: Ground out 4-3 (Groundball, 4, EV 83.8 MPH)
Bottom of the 3rd over - 0 runs, 0 hits, 0 errors, 0 left on base; D.C. 0 - Athletic Club KC 0
TOP OF THE 4TH
D.C. Divided batting - Pitching for Athletic Club KC : LHP Roman Phansalker
Batting: RHB Kimi Okubo 0-0: Ball
1-0: DOUBLE (Line Drive, 89M, EV 94.4 MPH)
Batting: LHB Craig Morgan 0-0: Called Strike
0-1: SINGLE (Groundball, 4MD, EV 108.1 MPH)
Kimi Okubo to third
Batting: RHB Mario Castillo 0-0: Ball
1-0: Grounds into double play, 4-6-3 (Groundball, 4, EV 90.0 MPH)
Kimi Okubo scores
Batting: LHB Alex Avery 0-0: Ball
1-0: Ball
2-0: Called Strike
2-1: Ball
3-1: Called Strike
3-2: Ground out 4-3 (Groundball, 4M, EV 81.9 MPH)
Top of the 4th over - 1 run, 2 hits, 0 errors, 0 left on base; D.C. 1 - Athletic Club KC 0
BOTTOM OF THE 4TH
Athletic Club KC batting - Pitching for D.C. Divided : RHP Eric Colquhoun
Batting: LHB César Núñez 0-0: Swinging Strike
0-1: Ball
1-1: Called Strike
1-2: Ball
2-2: Ball
3-2: Base on Balls
Batting: RHB Ali Ben Bongo 0-0: Called Strike
0-1: Ground out 5-3 (Groundball, 56S, EV 82.5 MPH)
César Núñez to second
Batting: SHB Shiki Sanu 0-0: Ball
1-0: Ball
2-0: Ball
3-0: Base on Balls
Batting: LHB Héctor Velázquez 0-0: Called Strike
0-1: Called Strike
0-2: Foul Ball, location: 2F
0-2: Ball
Wild Pitch!
César Núñez to third
Shiki Sanu to second
1-2: Strikes out looking
Batting: LHB José Rodríguez 0-0: Ball
1-0: Ball
2-0: Called Strike
2-1: Ball
3-1: Base on Balls
Batting: LHB Pablo Hernández 0-0: Called Strike
0-1: Fly out, F8 (Line Drive, 8RM, EV 90.6 MPH)
Bottom of the 4th over - 0 runs, 0 hits, 0 errors, 3 left on base; D.C. 1 - Athletic Club KC 0
TOP OF THE 5TH
D.C. Divided batting - Pitching for Athletic Club KC : LHP Roman Phansalker
Batting: LHB Stanley Zijm 0-0: Foul Ball, location: 2F
0-1: Called Strike
0-2: Ball
1-2: SINGLE (Line Drive, 7S, EV 86.2 MPH)
Batting: RHB Nick Boyd 0-0: Bunted foul
0-1: Called Strike
0-2: Ball
1-2: Strikes out swinging
Batting: LHB Dallas Ihde 0-0: Swinging Strike
0-1: Ball
1-1: Foul Ball, location: 2F
1-2: Foul Ball, location: 2F
1-2: Ball
2-2: Foul Ball, location: 2F
2-2: Foul Ball, location: 2F
2-2: Strikes out looking
Batting: LHB Bill Butler 0-0: Ball
1-0: Called Strike
1-1: Called Strike
Stanley Zijm is caught stealing 2nd base 2-6
Top of the 5th over - 0 runs, 1 hit, 0 errors, 0 left on base; D.C. 1 - Athletic Club KC 0
BOTTOM OF THE 5TH
Athletic Club KC batting - Pitching for D.C. Divided : RHP Eric Colquhoun
Batting: RHB Tasuku Goto 0-0: Ball
1-0: Called Strike
1-1: Swinging Strike
1-2: Foul Ball, location: 2F
1-2: Strikes out swinging, 2-3 out at first.
Batting: RHB Wade Tazewell 0-0: SINGLE (Groundball, 56D, EV 100.6 MPH)
Batting: RHB Armando Altagracia 0-0: Fly out, F9 (Flyball, 9S, EV 85.0 MPH)
Batting: LHB César Núñez 0-0: Called Strike
0-1: Ball
1-1: Fly out, F6 (Flyball, 56D, EV 80.0 MPH)
Bottom of the 5th over - 0 runs, 1 hit, 0 errors, 1 left on base; D.C. 1 - Athletic Club KC 0
TOP OF THE 6TH
D.C. Divided batting - Pitching for Athletic Club KC : LHP Roman Phansalker
Batting: LHB Bill Butler 0-0: Ball
1-0: Ball
2-0: Ball
3-0: Called Strike
3-1: Foul Ball, location: 2F
3-2: Fly out, F9 (Flyball, 89M, EV 85.6 MPH)
Batting: RHB Martín Chávez 0-0: Ball
1-0: Ball
2-0: Ball
3-0: Called Strike
3-1: Ground out 5-3 (Groundball, 5S, EV 86.9 MPH)
Batting: RHB Kimi Okubo 0-0: Ball
1-0: Foul Ball, location: 2F
1-1: Ball
2-1: Ball
3-1: Called Strike
3-2: Foul Ball, location: 2F
3-2: Base on Balls
Batting: LHB Craig Morgan 0-0: Ball
1-0: Foul Ball, location: 2F
1-1: Swinging Strike
1-2: Strikes out swinging
Top of the 6th over - 0 runs, 0 hits, 0 errors, 1 left on base; D.C. 1 - Athletic Club KC 0
BOTTOM OF THE 6TH
Athletic Club KC batting - Pitching for D.C. Divided : RHP Eric Colquhoun
Batting: RHB Ali Ben Bongo 0-0: Ball
1-0: Ball
2-0: Ball
3-0: Called Strike
3-1: Foul Ball, location: 2F
3-2: Foul Ball, location: 2F
3-2: Base on Balls
Batting: SHB Shiki Sanu 0-0: Ball
1-0: Called Strike
1-1: Ball
2-1: Ball
3-1: Fielders Choice at 2nd, 6-4 (Groundball, 6, EV 83.8 MPH)
Batting: LHB Héctor Velázquez 0-0: Called Strike
0-1: Ball
1-1: Ball
2-1: Ball
3-1: SINGLE (Line Drive, 7S, EV 105.6 MPH)
Shiki Sanu to second
Batting: LHB José Rodríguez 0-0: Ball
1-0: Ball
2-0: Called Strike
2-1: Ball
3-1: Foul Ball, location: 2F
3-2: Ground out 6-3 (Groundball, 56D, EV 105.0 MPH)
Shiki Sanu to third
Héctor Velázquez to second
Batting: LHB Pablo Hernández 0-0: Ball
1-0: Ball
2-0: Ball
3-0: Called Strike
3-1: Foul Ball, location: 2F
3-2: SINGLE (Groundball, 56D, EV 95.6 MPH)
Shiki Sanu scores
Héctor Velázquez to third
Héctor Velázquez scores
Batting: RHB Tasuku Goto 0-0: Called Strike
0-1: Ball
1-1: Ball
2-1: Ball
Pablo Hernández steals 2nd base
3-1: Swinging Strike
3-2: Strikes out swinging
Bottom of the 6th over - 2 runs, 2 hits, 0 errors, 1 left on base; D.C. 1 - Athletic Club KC 2
TOP OF THE 7TH
D.C. Divided batting - Pitching for Athletic Club KC : LHP Roman Phansalker
Pitching: LHP Indigo Diaz
Batting: RHB Mario Castillo 0-0: Ball
1-0: Fly out, F3 (Popup, 3SF, EV 75.0 MPH)
Batting: LHB Alex Avery 0-0: Ball
1-0: Ground out U3 (Groundball, 34, EV 109.4 MPH)
Batting: LHB Stanley Zijm 0-0: Foul Ball, location: 2F
0-1: Foul Ball, location: 2F
0-2: Ground out 4-3 (Groundball, 4, EV 83.8 MPH)
Top of the 7th over - 0 runs, 0 hits, 0 errors, 0 left on base; D.C. 1 - Athletic Club KC 2
BOTTOM OF THE 7TH
Athletic Club KC batting - Pitching for D.C. Divided : RHP Eric Colquhoun
Pitching: RHP Baker Mayfield
Batting: RHB Wade Tazewell 0-0: Swinging Strike
0-1: Called Strike
0-2: Ball
1-2: Ball
2-2: Strikes out swinging
Batting: RHB Armando Altagracia 0-0: Called Strike
0-1: Ball
1-1: Ball
2-1: Foul Ball, location: 2F
2-2: Ball
3-2: Ground out 4-3 (Groundball, 4, EV 80.6 MPH)
Batting: LHB César Núñez 0-0: Ball
1-0: Ball
2-0: SINGLE (Groundball, 34D, EV 100.6 MPH)
Batting: RHB Ali Ben Bongo 0-0: Swinging Strike
0-1: Swinging Strike
0-2: Ball
1-2: Foul Ball, location: 2F
1-2: Foul Ball, location: 2F
1-2: Fly out, F7 (Flyball, 7S, EV 93.8 MPH)
Bottom of the 7th over - 0 runs, 1 hit, 0 errors, 1 left on base; D.C. 1 - Athletic Club KC 2
TOP OF THE 8TH
D.C. Divided batting - Pitching for Athletic Club KC : LHP Indigo Diaz
Batting: RHB Nick Boyd 0-0: Ball
1-0: Swinging Strike
1-1: Swinging Strike
1-2: Ball
2-2: Ball
3-2: Strikes out swinging
Batting: LHB Dallas Ihde 0-0: SINGLE (Groundball, 4MD, EV 108.8 MPH)
Batting: LHB Bill Butler 0-0: Ball
1-0: Called Strike
1-1: Foul Ball, location: 2F
1-2: Ball
2-2: Ball
3-2: Fielders Choice at 2nd, 5-4 (Groundball, 5, EV 83.8 MPH)
Batting: RHB Martín Chávez 0-0: Ball
1-0: Ball
2-0: Called Strike
2-1: Ball
3-1: Called Strike
3-2: Base on Balls
Bill Butler to second
Batting: RHB Kimi Okubo 0-0: Called Strike
0-1: Ball
1-1: Ball
2-1: Foul Ball, location: 2F
2-2: Strikes out swinging
Top of the 8th over - 0 runs, 1 hit, 0 errors, 2 left on base; D.C. 1 - Athletic Club KC 2
BOTTOM OF THE 8TH
Athletic Club KC batting - Pitching for D.C. Divided : RHP Baker Mayfield
Pitching: LHP Yushua Wazir
Batting: SHB Shiki Sanu 0-0: Ball
1-0: Swinging Strike
1-1: Ball
2-1: Ball
3-1: Base on Balls
Batting: LHB Héctor Velázquez 0-0: Foul Ball, location: 2F
0-1: Swinging Strike
0-2: Ball
1-2: Strikes out swinging
Batting: LHB José Rodríguez 0-0: Foul Ball, location: 2F
0-1: Foul Ball, location: 2F
0-2: SINGLE (Line Drive, 78M, EV 99.4 MPH)
Shiki Sanu to second
Batting: LHB Pablo Hernández 0-0: Called Strike
0-1: Fielders Choice at 2nd, 6-4 (Groundball, 56, EV 111.9 MPH)
Shiki Sanu to third
Batting: RHB Tasuku Goto 0-0: Swinging Strike
0-1: Swinging Strike
0-2: Ball
Balk!
Shiki Sanu scores
Pablo Hernández to second
1-2: Strikes out swinging
Bottom of the 8th over - 1 run, 1 hit, 0 errors, 1 left on base; D.C. 1 - Athletic Club KC 3
TOP OF THE 9TH
D.C. Divided batting - Pitching for Athletic Club KC : LHP Indigo Diaz
Batting: LHB Craig Morgan 0-0: Foul Ball, location: 2F
0-1: Foul Ball, location: 2F
0-2: Foul Ball, location: 2F
0-2: Strikes out looking
Pitching: RHP David Maxwell
Batting: RHB Mario Castillo 0-0: Called Strike
0-1: Swinging Strike
0-2: Ball
1-2: Ball
2-2: Ball
3-2: Foul Ball, location: 2F
3-2: Foul Ball, location: 2F
3-2: Foul Ball, location: 2F
3-2: Strikes out swinging
Batting: LHB Alex Avery 0-0: Ball
1-0: Called Strike
1-1: Swinging Strike
1-2: Ground out U3 (Groundball, 34S, EV 80.0 MPH)
Top of the 9th over - 0 runs, 0 hits, 0 errors, 0 left on base; D.C. 1 - Athletic Club KC 3
Wednesday, July 8th, 2020 - OOTP Baseball 20.8 Build 74